cohdb
Replays
Latest Replays
All Replays
Popular Replays
Top Player Replays
Match Explorer
How It Works
Community
CoH3 Stats
Reddit
Sign in to upload your games and track your stats! →
Sign in with Steam
Match 43603334
Unlisted
Match 43603334
Overview
Messages
Build Orders
End
Vickers Machine Gun Team
Construct Section Command Post
Selects Heavy Armor Battlegroup
Selects Heavy Armor Battlegroup
Dingo Light Scout Car
Infantry Section
ML 3-inch Mortar Team
Construct Platoon Command Post
Infantry Section
Selects Rigorous Vehicle Training
Selects Engineer Detachments
6-pounder Anti-tank Gun Team
Royal Engineer Section
CMP 15cwt Truck
Infantry Section
Selects Forward Repair Assembly
Selects UNKNOWN (2162094)
Construct Company Command Post
Selects Light Vehicle Withdraw and Refit
6-pounder Anti-tank Gun Team
Infantry Section
Selects UNKNOWN (202330)
Vickers Machine Gun Team
Selects Recon Artillery
Churchill IV Heavy Tank
Royal Engineer Section
Recon Artillery
Churchill IV Heavy Tank
Recon Artillery
CMP 15cwt Truck
Recon Artillery
Crusader AA Medium Tank
Recon Artillery
Churchill IV Heavy Tank
Royal Engineer Section
Churchill IV Heavy Tank
JBox88
裂空
El Marino Loko
Malarky62
iceman
Moonmyung
0
0
Comments
sign in to comment!
No comments posted yet!